 Dungeon Crawl Stone Soup version 0.20.1-1-g8b1a95d (webtiles) character file.

95 slep the Chopper (level 4, 0/23 HPs)
             Began as a Vine Stalker Gladiator on Dec 20, 2017.
             Slain by slep's ghost (4 damage)
             ... on level 3 of the Dungeon.
             The game lasted 00:04:37 (1573 turns).

slep the Chopper (Vine Stalker Gladiator)           Turns: 1573, Time: 00:04:38

Health: 0/23       AC:  4    Str: 16    XL:     4   Next: 65%
Magic:  0/5        EV: 13    Int:  8    God:
Gold:   79         SH:  0    Dex: 17    Spells: 3/3 levels left

rFire    . . .     SeeInvis .   a - +0 war axe
rCold    . . .     Gourm    .   (no shield)
rNeg     . . .     Faith    .   b - +0 leather armour
rPois    .         Spirit   +   c - +0 helmet
rElec    .         Reflect  .   (no cloak)
rCorr    .         Harm     .   (no gloves)
MR       .....                  (no boots)
Stlth    ++........             (no amulet)
Regen    0.5/turn               (no ring)
MPRegen  0.1/turn               (no ring)

@: lethally poisoned (0 -> 0)
A: fangs 2, regeneration 1, magic shield, antimagic bite, no potion heal 3, rot
immunity
a: no special abilities


You were on level 3 of the Dungeon.
You were not hungry.

You visited 1 branch of the dungeon, and saw 3 of its levels.

You collected 79 gold pieces.

Inventory:

Hand Weapons
 a - a +0 war axe (weapon)
Missiles
 d - 3 throwing nets (quivered)
 h - 8 poisoned needles
 q - 29 sling bullets
Armour
 b - a +0 leather armour (worn)
 c - a +0 helmet (worn)
Scrolls
 i - 2 scrolls of identify {unknown}
 l - 6 scrolls of teleportation {unknown}
 n - a scroll of enchant weapon {unknown}
 p - a scroll of magic mapping {unknown}
 s - 2 scrolls of enchant armour {unknown}
 v - 2 scrolls of amnesia {unknown}
Potions
 e - 2 potions of ambrosia {unknown}
 j - 2 potions of heal wounds {unknown}
 k - 2 potions of degeneration {unknown}
 m - 2 potions of curing {unknown}
 o - a potion of mutation {unknown}
 u - a potion of lignification {unknown}
 w - 2 potions of flight {unknown}
Comestibles
 f - 3 bread rations
 g - a meat ration
 r - 4 fruits
 t - 2 royal jellies
 x - 3 chunks of flesh


   Skills:
 + Level 2.4 Fighting
 + Level 3.8 Axes
 + Level 1.7 Throwing
 + Level 1.0 Armour
 + Level 2.7 Dodging
 + Level 0.6 Stealth


You had 3 spell levels left.
You didn't know any spells.

Dungeon Overview and Level Annotations

Branches:
Dungeon (3/15)

Altars:
Kikubaaqudgha

Annotations:
D:3 slep's ghost, amateur TeGl


Innate Abilities, Weirdness & Mutations

You have extremely sharp teeth.
Your natural rate of healing is unusually fast.
When hurt, damage is shared between your health and your magic reserves.
Your bite disrupts and absorbs the magic of your enemies.
Potions cannot restore your health.
You are immune to rotting.


Message History

Slep's ghost is lightly damaged.
You feel sick. Slep's ghost hits you.
You slash slep's ghost! Your bite misses slep's ghost.
Slep's ghost is heavily damaged.
You feel sick. Slep's ghost closely misses you. Slep's ghost hits you.
* * * LOW HITPOINT WARNING * * *
You slash slep's ghost!
Slep's ghost is severely damaged.
Slep's ghost closely misses you.
You feel sick.
You feel sick.
You feel sick.
You closely miss slep's ghost. Your bite misses slep's ghost.
Slep's ghost is severely damaged.
Slep's ghost hits you.
* * * LOW HITPOINT WARNING * * *
You hit slep's ghost. Your bite misses slep's ghost.
Slep's ghost is severely damaged.
You feel sick. Slep's ghost hits you.
You die...

#.........#
###.####### #.#
#.# #.# ###.####
#####.#....####
..#..>.........
#.##.@....#####
#.#####.##W....##
#.........r...##
#...###.####.##
#...###.# #.#
........# #.#
##..###.# #+# #
#.# #.#


You could see slep's ghost and a quokka.

Vanquished Creatures
  4 adders
  An ooze (D:2)
  2 dart slugs (D:1)
  2 leopard geckos (D:1)
  A bat zombie (D:2)
  6 goblins
  6 hobgoblins
  4 jackals (D:2)
  A quokka (D:2)
  2 ball pythons
  4 bats
  4 frilled lizards
  8 kobolds
  4 rats
  A rat zombie (D:2)
50 creatures vanquished.

Notes
Turn   | Place    | Note
-------+----------+-------------------------------------------
     0 | D:1      | slep the Vine Stalker Gladiator began the quest for the Orb.
     0 | D:1      | Reached XP level 1. HP: 11/11 MP: 2/2
   145 | D:1      | Reached XP level 2. HP: 14/15 MP: 3/3
   400 | D:1      | Reached skill level 3 in Axes
   696 | D:1      | Reached XP level 3. HP: 17/18 MP: 4/4
   886 | D:2      | Found an ancient bone altar of Kikubaaqudgha.
   948 | D:2      | Gained mutation: Your natural rate of healing is unusually fast. [Vine Stalker growth]
   948 | D:2      | Reached XP level 4. HP: 8/23 MP: 5/5
  1067 | D:2      | Reached skill level 1 in Armour
  1554 | D:3      | Noticed slep's ghost (amateur TeGl)
  1573 | D:3      | Slain by slep's ghost

Skill      XL: |  1  2  3  4 |
---------------+-------------+-----
Axes           | 3 |  3.8
Fighting       | 2 |  2.4
Armour         | 1 |  1.0
Throwing       | |  1.7
Dodging        | |  2.7
Stealth        | |  0.6

Action                   |  1- 3 |  4- 6 || total
-------------------------+-------+-------++-------
Melee: War axe           |    62 |    53 ||   115
       Bite              |    19 |    10 ||    29
 Stab: Sleeping          |     1 |       ||     1
  Eat: Chunk             |       |     2 ||     2
Armor: Leather armour    |    28 |    13 ||    41
Dodge: Dodged            |    52 |    43 ||    95
